| TOP OF THE 1ST |
|
Canton Indians batting - Pitching for Chester Pirates : RHP Eric Bourque
|
|
Pitching: RHP Eric Bourque
|
|
|
Batting: RHB Kenzo Shinoda
|
0-0: Ball 1-0: Ball 2-0: Swinging Strike 2-1: Foul Ball, location: 2F 2-2: Foul Ball, location: 2F 2-2: Strikes out swinging
|
|
Batting: LHB Costodio Varino
|
0-0: Ball 1-0: Ball 2-0: Ball 3-0: Base on Balls
|
|
Batting: RHB Carlos Abrego
|
0-0: Fly out, F6 (Popup, 6MD, EV 59.4 MPH)
|
|
Batting: LHB Dave Key
|
0-0: Swinging Strike 0-1: Ball 1-1: Foul Ball, location: 2F 1-2: Foul Ball, location: 2F 1-2: Ball 2-2: Ball 3-2: Base on Balls Costodio Varino to second
|
|
Batting: LHB Shane Montalvo
|
0-0: Ball 1-0: Called Strike 1-1: SINGLE (Line Drive, 3L, EV 96.9 MPH) Costodio Varino to third Dave Key to second Runner from 3rd tries for Home, SAFE, throw by RF to home
|
|
Batting: RHB John Bianconi
|
0-0: Ball 1-0: Foul Ball, location: 2F 1-1: Swinging Strike 1-2: Ball 2-2: Ball 3-2: Strikes out looking
|
| Top of the 1st over - 1 run, 1 hit, 0 errors, 2 left on base; Canton 1 - Chester 0 |
| BOTTOM OF THE 1ST |
|
Chester Pirates batting - Pitching for Canton Indians : RHP Chris Cohen
|
|
Pitching: RHP Chris Cohen
|
|
|
Batting: RHB Terrence Wilson
|
0-0: Foul Ball, location: 2F 0-1: Ball 1-1: Called Strike 1-2: Strikes out swinging
|
|
Batting: RHB Tim Moore
|
0-0: Ball 1-0: Swinging Strike 1-1: Swinging Strike 1-2: Strikes out swinging
|
|
Batting: RHB Brandon White
|
0-0: Ball 1-0: Foul Ball, location: 2F 1-1: Ball 2-1: Foul Ball, location: 2F 2-2: Strikes out looking
|
| Bottom of the 1st over - 0 runs, 0 hits, 0 errors, 0 left on base; Canton 1 - Chester 0 |
| TOP OF THE 2ND |
|
Canton Indians batting - Pitching for Chester Pirates : RHP Eric Bourque
|
|
Batting: RHB Kevin Trull
|
0-0: Ball 1-0: Called Strike 1-1: Swinging Strike 1-2: SINGLE (Groundball, 6D, EV 98.8 MPH)
|
|
Batting: RHB Eric Kuck
|
0-0: Called Strike 0-1: Swinging Strike 0-2: Ball 1-2: Ball 2-2: SINGLE (Line Drive, 89S, EV 102.5 MPH) Kevin Trull to second
|
|
Batting: LHB Rich Walker
|
0-0: Called Strike 0-1: Fly out, F7 (Flyball, 7, EV 87.5 MPH)
|
|
Batting: RHB Kenzo Shinoda
|
0-0: Fielders Choice at 2nd, 4-6 (Groundball, 4, EV 80.0 MPH) Kevin Trull to third
|
|
Batting: LHB Costodio Varino
|
0-0: Foul Ball, location: 2F 0-1: Ball 1-1: Swinging Strike 1-2: Strikes out looking
|
| Top of the 2nd over - 0 runs, 2 hits, 0 errors, 2 left on base; Canton 1 - Chester 0 |
| BOTTOM OF THE 2ND |
|
Chester Pirates batting - Pitching for Canton Indians : RHP Chris Cohen
|
|
Batting: LHB Carlos Vega
|
0-0: Ball 1-0: Ball 2-0: Ball 3-0: Base on Balls
|
|
Batting: RHB Zach Chmieleski
|
0-0: Ball Carlos Vega steals 2nd base 1-0: Foul Ball, location: 2F 1-1: Foul Ball, location: 2F 1-2: Strikes out swinging
|
|
Batting: SHB Don Hauk
|
0-0: Foul Ball, location: 2F 0-1: Foul Ball, location: 2F 0-2: Ball 1-2: Ground out 4-3 (Groundball, 4, EV 82.5 MPH) Carlos Vega to third
|
|
Batting: RHB Frank Elizondo
|
0-0: Called Strike 0-1: Ball 1-1: Swinging Strike 1-2: Foul Ball, location: 2F 1-2: Foul Ball, location: 2F 1-2: Strikes out swinging
|
| Bottom of the 2nd over - 0 runs, 0 hits, 0 errors, 1 left on base; Canton 1 - Chester 0 |
| TOP OF THE 3RD |
|
Canton Indians batting - Pitching for Chester Pirates : RHP Eric Bourque
|
|
Batting: RHB Carlos Abrego
|
0-0: Hit by Pitch
|
|
Batting: LHB Dave Key
|
0-0: Foul Ball, location: 2F 0-1: SINGLE (Groundball, 13, EV 79.4 MPH) (infield hit) Carlos Abrego to second
|
|
Batting: LHB Shane Montalvo
|
0-0: Called Strike 0-1: Foul Ball, location: 2F 0-2: Strikes out swinging
|
|
Batting: RHB John Bianconi
|
0-0: Ball 1-0: Foul Ball, location: 2F 1-1: Swinging Strike 1-2: Ball 2-2: Foul Ball, location: 2F 2-2: Strikes out swinging
|
|
Batting: RHB Kevin Trull
|
0-0: Ball 1-0: Foul Ball, location: 2F 1-1: Fly out, F8 (Line Drive, 8LD, EV 90.6 MPH)
|
| Top of the 3rd over - 0 runs, 1 hit, 0 errors, 2 left on base; Canton 1 - Chester 0 |
| BOTTOM OF THE 3RD |
|
Chester Pirates batting - Pitching for Canton Indians : RHP Chris Cohen
|
|
Pitching: RHP Terry Sterling
|
|
|
Batting: RHB Erik Mulligan
|
0-0: Called Strike 0-1: Foul Ball, location: 2F 0-2: Strikes out swinging
|
|
Batting: LHB Chad Cutler
|
0-0: Ball 1-0: Fly out, F9 (Flyball, 9LM, EV 91.2 MPH)
|
|
Batting: RHB Terrence Wilson
|
0-0: Called Strike 0-1: Ground out 6-3 (Groundball, 56, EV 95.0 MPH)
|
| Bottom of the 3rd over - 0 runs, 0 hits, 0 errors, 0 left on base; Canton 1 - Chester 0 |
| TOP OF THE 4TH |
|
Canton Indians batting - Pitching for Chester Pirates : RHP Eric Bourque
|
|
Batting: RHB Eric Kuck
|
0-0: Foul Ball, location: 2F 0-1: Ball 1-1: Ball 2-1: Fly out, F7 (Flyball, 7LM, EV 96.2 MPH)
|
|
Batting: LHB Rich Walker
|
0-0: Called Strike 0-1: Swinging Strike 0-2: Foul Ball, location: 2F 0-2: Strikes out swinging
|
|
Batting: RHB Kenzo Shinoda
|
0-0: Ball 1-0: Swinging Strike 1-1: Foul Ball, location: 2F 1-2: Strikes out swinging
|
| Top of the 4th over - 0 runs, 0 hits, 0 errors, 0 left on base; Canton 1 - Chester 0 |
| BOTTOM OF THE 4TH |
|
Chester Pirates batting - Pitching for Canton Indians : RHP Terry Sterling
|
|
Batting: RHB Tim Moore
|
0-0: DOUBLE (Line Drive, 89D, EV 106.9 MPH)
|
|
Batting: RHB Brandon White
|
0-0: Ball 1-0: Ball 2-0: Ball 3-0: Called Strike 3-1: Ground out 6-3 (Groundball, 56, EV 105.6 MPH)
|
|
Batting: LHB Carlos Vega
|
0-0: Ball 1-0: Called Strike 1-1: Called Strike 1-2: Fly out, F6 (Popup, 6, EV 58.1 MPH)
|
|
Batting: RHB Zach Chmieleski
|
0-0: Called Strike 0-1: Swinging Strike 0-2: Ball 1-2: Ball 2-2: Ball 3-2: Foul Ball, location: 2F 3-2: SINGLE (Groundball, 34D, EV 105.6 MPH) Tim Moore to third Runner from 3rd tries for Home, SAFE, throw by RF to home
|
|
Pitching: RHP Howard Allen
|
|
|
Batting: SHB Don Hauk
|
0-0: SINGLE (Groundball, 3S, EV 68.8 MPH) (infield hit) Zach Chmieleski to second
|
|
Batting: RHB Frank Elizondo
|
0-0: Ball 1-0: Ball 2-0: Ball 3-0: Called Strike 3-1: Base on Balls Zach Chmieleski to third Don Hauk to second
|
|
Batting: RHB Erik Mulligan
|
0-0: Ball 1-0: SINGLE (Flyball, 5D, EV 91.2 MPH) Zach Chmieleski scores Don Hauk to third Frank Elizondo to second Throwing error, E7 Don Hauk scores Frank Elizondo to third Erik Mulligan to second
|
|
Batting: LHB Chad Cutler
|
0-0: Ball 1-0: Swinging Strike 1-1: Called Strike 1-2: Foul Ball, location: 2F 1-2: Ball 2-2: Strikes out swinging
|
| Bottom of the 4th over - 3 runs, 4 hits, 1 error, 2 left on base; Canton 1 - Chester 3 |
| TOP OF THE 5TH |
|
Canton Indians batting - Pitching for Chester Pirates : RHP Eric Bourque
|
|
Batting: LHB Costodio Varino
|
0-0: Foul Ball, location: 2F 0-1: Foul Ball, location: 2F 0-2: Ball 1-2: Strikes out swinging passed ball, reaches first!
|
|
Batting: RHB Carlos Abrego
|
0-0: Foul Ball, location: 2F 0-1: Called Strike 0-2: Ball 1-2: Foul Ball, location: 2F 1-2: Fly out, F8 (Flyball, 8LXD, EV 106.9 MPH)
|
|
Batting: LHB Dave Key
|
0-0: Ball 1-0: Ball 2-0: Called Strike 2-1: Foul Ball, location: 2F 2-2: Ball 3-2: Base on Balls Costodio Varino to second
|
|
Batting: LHB Shane Montalvo
|
0-0: Called Strike 0-1: Ball 1-1: 3-RUN HOME RUN (Flyball, 9D, EV 101.2 MPH), Distance : 389 ft
|
|
Batting: RHB John Bianconi
|
0-0: Ball 1-0: Ball 2-0: Ball 3-0: Called Strike 3-1: Called Strike 3-2: Ground out 5-3 (Groundball, 5L, EV 83.8 MPH)
|
|
Batting: RHB Kevin Trull
|
0-0: Ball 1-0: Ground out U3 (Groundball, 3, EV 98.8 MPH)
|
| Top of the 5th over - 3 runs, 1 hit, 0 errors, 0 left on base; Canton 4 - Chester 3 |
| BOTTOM OF THE 5TH |
|
Chester Pirates batting - Pitching for Canton Indians : RHP Howard Allen
|
|
Batting: RHB Terrence Wilson
|
0-0: Ball 1-0: Swinging Strike 1-1: Swinging Strike 1-2: Ball 2-2: Foul Ball, location: 2F 2-2: Foul Ball, location: 2F 2-2: Ground out 5-3 (Groundball, 56S, EV 85.6 MPH)
|
|
Pitching: RHP Ian Nordquist
|
|
|
Batting: RHB Tim Moore
|
0-0: Ball 1-0: Ball 2-0: Called Strike 2-1: SINGLE (Groundball, 56S, EV 71.9 MPH) (infield hit)
|
|
Batting: RHB Brandon White
|
0-0: Ball Wild Pitch! Tim Moore to second 1-0: Fly out, F9 (Flyball, 9, EV 91.9 MPH)
|
|
Batting: LHB Carlos Vega
|
0-0: Foul Ball, location: 2F 0-1: Ball 1-1: Called Strike 1-2: Ground out 4-3 (Groundball, 4D, EV 100.6 MPH)
|
| Bottom of the 5th over - 0 runs, 1 hit, 0 errors, 1 left on base; Canton 4 - Chester 3 |
| TOP OF THE 6TH |
|
Canton Indians batting - Pitching for Chester Pirates : RHP Eric Bourque
|
|
Batting: RHB Eric Kuck
|
0-0: Foul Ball, location: 2F 0-1: Foul Ball, location: 2F 0-2: Ball 1-2: Strikes out swinging
|
|
Batting: LHB Rich Walker
|
0-0: Called Strike 0-1: SINGLE (Groundball, 34D, EV 103.8 MPH)
|
|
Batting: RHB Kenzo Shinoda
|
0-0: Ball 1-0: Fly out, F6 (Flyball, 6MD, EV 83.8 MPH)
|
|
Batting: LHB Costodio Varino
|
0-0: 2-RUN HOME RUN (Flyball, 9LD, EV 92.5 MPH), Distance : 347 ft
|
|
Batting: RHB Carlos Abrego
|
0-0: Ball 1-0: SOLO HOME RUN (Flyball, 78XD, EV 115.0 MPH), Distance : 461 ft
|
|
Pitching: RHP Kyle Davis
|
|
|
Batting: LHB Dave Key
|
0-0: DOUBLE (Line Drive, 89XD, EV 103.8 MPH)
|
|
Batting: LHB Shane Montalvo
|
0-0: Ball 1-0: Ball 2-0: Called Strike 2-1: Foul Ball, location: 2F 2-2: Ball 3-2: Base on Balls
|
|
Batting: RHB John Bianconi
|
0-0: Ground out 4-3 (Groundball, 4, EV 81.2 MPH)
|
| Top of the 6th over - 3 runs, 4 hits, 0 errors, 2 left on base; Canton 7 - Chester 3 |
| BOTTOM OF THE 6TH |
|
Chester Pirates batting - Pitching for Canton Indians : RHP Ian Nordquist
|
|
Batting: RHB Zach Chmieleski
|
0-0: SINGLE (Line Drive, 9LS, EV 86.2 MPH)
|
|
Batting: SHB Don Hauk
|
0-0: Ball 1-0: SINGLE (Groundball, 5S, EV 65.0 MPH) (infield hit) Zach Chmieleski to second
|
|
Batting: RHB Frank Elizondo
|
0-0: Swinging Strike 0-1: Foul Ball, location: 2F 0-2: SINGLE (Groundball, 6D, EV 96.2 MPH) Zach Chmieleski to third Don Hauk to second
|
|
Batting: RHB Erik Mulligan
|
0-0: Foul Ball, location: 2F 0-1: Ball 1-1: Ball 2-1: Ball 3-1: DOUBLE (Line Drive, 5D, EV 100.0 MPH) Zach Chmieleski scores Don Hauk scores Frank Elizondo to third
|
|
Pitching: RHP Nate Souza
|
|
|
Batting: LHB Chad Cutler
|
0-0: Ball 1-0: Ball 2-0: Foul Ball, location: 2F 2-1: DOUBLE (Line Drive, 78D, EV 98.1 MPH) Frank Elizondo scores Erik Mulligan scores
|
|
Batting: RHB Terrence Wilson
|
0-0: SINGLE (Flyball, 8RS, EV 98.1 MPH) Chad Cutler to third
|
|
Batting: RHB Tim Moore
|
0-0: Called Strike 0-1: Ball 1-1: Ball 2-1: SINGLE (Groundball, 4D, EV 94.4 MPH) Chad Cutler scores Terrence Wilson to second Runner from 2nd tries for 3rd, SAFE, throw by RF made at trailing runner, OUT! 9-6
|
|
Batting: RHB Brandon White
|
0-0: Ball 1-0: Ball 2-0: Ball 3-0: Base on Balls
|
|
Batting: LHB Carlos Vega
|
0-0: Ball 1-0: DOUBLE (Line Drive, 78M, EV 107.5 MPH) Terrence Wilson scores Brandon White to third Runner from 3rd tries for Home, throw by LF and OUT! 7-6-2
|
|
Batting: RHB Zach Chmieleski
|
0-0: Ball 1-0: Ball 2-0: Called Strike 2-1: Ball 3-1: Swinging Strike 3-2: Fly out, F8 (Flyball, 8LD, EV 92.5 MPH)
|
| Bottom of the 6th over - 6 runs, 8 hits, 0 errors, 1 left on base; Canton 7 - Chester 9 |
| TOP OF THE 7TH |
|
Canton Indians batting - Pitching for Chester Pirates : RHP Kyle Davis
|
|
Pitching: RHP Serguei Rudakovsky
|
|
|
Batting: RHB Kevin Trull
|
0-0: Foul Ball, location: 2F 0-1: Foul Ball, location: 2F 0-2: Ball 1-2: Strikes out swinging
|
|
Batting: RHB Eric Kuck
|
0-0: Ball 1-0: Called Strike 1-1: SINGLE (Flyball, 6MD, EV 93.1 MPH)
|
|
Batting: LHB Rich Walker
|
0-0: DOUBLE (Line Drive, 9D, EV 98.1 MPH) Eric Kuck to third
|
|
Batting: RHB Kenzo Shinoda
|
0-0: Ball 1-0: Called Strike 1-1: Foul Ball, location: 2F 1-2: Foul Ball, location: 2F 1-2: Foul Ball, location: 2F 1-2: Strikes out looking
|
|
Batting: LHB Costodio Varino
|
0-0: Ball 1-0: Called Strike 1-1: Foul Ball, location: 2F 1-2: Ball 2-2: Foul Ball, location: 2F 2-2: Ball 3-2: Strikes out swinging
|
| Top of the 7th over - 0 runs, 2 hits, 0 errors, 2 left on base; Canton 7 - Chester 9 |
| BOTTOM OF THE 7TH |
|
Chester Pirates batting - Pitching for Canton Indians : RHP Nate Souza
|
|
Batting: SHB Don Hauk
|
0-0: Ball 1-0: SINGLE (Groundball, 34D, EV 100.6 MPH)
|
|
Batting: RHB Frank Elizondo
|
0-0: Ball 1-0: Called Strike 1-1: Ball 2-1: Foul Ball, location: 2F 2-2: Strikes out swinging
|
|
Batting: RHB Erik Mulligan
|
0-0: Called Strike 0-1: Swinging Strike 0-2: Ball 1-2: Strikes out swinging
|
|
Batting: LHB Chad Cutler
|
0-0: Ball Don Hauk steals 2nd base 1-0: Called Strike 1-1: Ball 2-1: Ball 3-1: DOUBLE (Flyball, 9LD, EV 100.0 MPH) Don Hauk scores
|
|
Batting: RHB Terrence Wilson
|
0-0: Called Strike 0-1: Ball 1-1: Ball Passed Ball! Chad Cutler to third 2-1: Ball 3-1: Ground out 5-3 (Groundball, 56, EV 97.5 MPH)
|
| Bottom of the 7th over - 1 run, 2 hits, 0 errors, 1 left on base; Canton 7 - Chester 10 |
| TOP OF THE 8TH |
|
Canton Indians batting - Pitching for Chester Pirates : RHP Serguei Rudakovsky
|
|
Pitching: RHP Steve Kane
|
|
|
Batting: RHB Carlos Abrego
|
0-0: SOLO HOME RUN (Flyball, 78XD, EV 106.9 MPH), Distance : 429 ft
|
|
Batting: LHB Dave Key
|
0-0: Swinging Strike 0-1: Ball 1-1: Called Strike 1-2: Strikes out looking
|
|
Batting: LHB Shane Montalvo
|
0-0: Swinging Strike 0-1: Ball 1-1: Foul Ball, location: 2F 1-2: Ground out 2-3 (Groundball, 2L, EV 66.9 MPH)
|
|
Batting: RHB John Bianconi
|
0-0: Swinging Strike 0-1: Called Strike 0-2: Foul Ball, location: 2F 0-2: Strikes out swinging
|
| Top of the 8th over - 1 run, 1 hit, 0 errors, 0 left on base; Canton 8 - Chester 10 |
| BOTTOM OF THE 8TH |
|
Chester Pirates batting - Pitching for Canton Indians : RHP Nate Souza
|
|
Batting: RHB Tim Moore
|
0-0: Ball 1-0: Called Strike 1-1: Ball 2-1: SINGLE (Groundball, 6, EV 108.1 MPH)
|
|
Batting: RHB Brandon White
|
0-0: Ball 1-0: Called Strike 1-1: Swinging Strike 1-2: Strikes out swinging
|
|
Batting: LHB Carlos Vega
|
0-0: Ball 1-0: Called Strike 1-1: Ball 2-1: Called Strike 2-2: 2-RUN HOME RUN (Flyball, 9LD, EV 93.1 MPH), Distance : 352 ft
|
|
Batting: RHB Zach Chmieleski
|
0-0: Called Strike 0-1: Ball 1-1: SOLO HOME RUN (Flyball, 7D, EV 106.2 MPH), Distance : 404 ft
|
|
Batting: SHB Don Hauk
|
0-0: Called Strike 0-1: Ball 1-1: Ball 2-1: DOUBLE (Line Drive, 78XD, EV 108.8 MPH)
|
|
Pitching: RHP Steve Gusman
|
|
|
Batting: RHB Frank Elizondo
|
0-0: Ball Don Hauk steals 3rd base 1-0: Fly out, F6 (Popup, 6MD, EV 57.5 MPH)
|
|
Batting: RHB Erik Mulligan
|
0-0: Called Strike 0-1: Called Strike 0-2: Ball 1-2: Foul Ball, location: 2F 1-2: Fly out, F5 (Popup, 56S, EV 85.0 MPH)
|
| Bottom of the 8th over - 3 runs, 4 hits, 0 errors, 1 left on base; Canton 8 - Chester 13 |
| TOP OF THE 9TH |
|
Canton Indians batting - Pitching for Chester Pirates : RHP Steve Kane
|
|
Batting: RHB Kevin Trull
|
0-0: Fly out, F6 (Line Drive, 6, EV 76.9 MPH)
|
|
Batting: RHB Eric Kuck
|
0-0: Called Strike 0-1: Foul Ball, location: 2F 0-2: Foul Ball, location: 2F 0-2: Strikes out looking
|
|
Batting: LHB Rich Walker
|
0-0: Swinging Strike 0-1: Foul Ball, location: 2F 0-2: Fly out, F9 (Line Drive, 9, EV 102.5 MPH)
|
| Top of the 9th over - 0 runs, 0 hits, 0 errors, 0 left on base; Canton 8 - Chester 13 |
|